 Dungeon Crawl Stone Soup version 0.21-a0-396-ga924934 (webtiles) character file.

1 Monsterracer the Ruffian (level 1, 0/16 HPs)
             Began as a Centaur Transmuter on Oct 19, 2017.
             Slain by a hobgoblin
             ... wielding a +0 club
              (1 damage)
             ... on level 1 of the Dungeon.
             The game lasted 00:01:09 (197 turns).

Monsterracer the Ruffian (Centaur Transmuter)        Turns: 197, Time: 00:01:10

Health: 0/16       AC:  4    Str: 12    XL:     1   Next: 16%
Magic:  2/3        EV:  9    Int: 12    God:
Gold:   18         SH:  0    Dex:  9    Spells: 2/3 levels left

rFire    . . .     SeeInvis .     - Unarmed
rCold    . . .     Gourm    .   (no shield)
rNeg     . . .     Faith    .   b - +0 robe
rPois    .         Spirit   .   (no helmet)
rElec    .         Reflect  .   (no cloak)
rCorr    .         Harm     .   (no gloves)
MR       .....                  (no barding)
Stlth    +.........             (no amulet)
HPRegen  0.05/turn              (no ring)
MPRegen  0.08/turn              (no ring)

@: appendage (expiring), very quick
A: hooves 3, horns 2, deformed body, speed 2, tough skin 3
a: End Transformation


You were on level 1 of the Dungeon.
You were not hungry.
You had grown temporary horns.
You visited 1 branch of the dungeon, and saw 1 of its levels.

You collected 18 gold pieces.

Inventory:

Missiles
 a - 12 arrows
Armour
 b - a +0 robe (worn)
Books
 c - a book of Changes

   Spells                             Type                      Level
   a - Beastly Appendage              Transmutation                1
   b - Sticks to Snakes               Transmutation                2
   c - Spider Form                    Transmutation/Poison         3
   d - Ice Form                       Ice/Transmutation            4
   e - Blade Hands                    Transmutation                5
Comestibles
 d - a bread ration


   Skills:
 + Level 1.0 Fighting
 - Level 1.3 Dodging
 * Level 3.0 Unarmed Combat
 - Level 1.5 Spellcasting
 - Level 1.7 Transmutations


You had 2 spell levels left.
You knew the following spells:

 Your Spells              Type           Power        Failure   Level  Hunger
a - Beastly Appendage     Tmut           #.....       14%         1    ##.....


Dungeon Overview and Level Annotations

Branches:
Dungeon (1/15)

Altars:


Innate Abilities, Weirdness & Mutations

You have hooves in place of feet.
Armour fits poorly on your strangely shaped body.
You cover ground very quickly.
You have extremely tough skin. (AC +3)
You have a pair of horns on your head.


Message History

Your transformation is almost over.
The hobgoblin hits you with a club.
Huge Dmg: -25%(-4hp) hp: 75%(12hp)
You closely miss the hobgoblin.
The hobgoblin is heavily wounded.
A kobold comes into view. It is wielding a club.
You barely miss the hobgoblin.
The hobgoblin is heavily wounded.
The hobgoblin hits you with a club.
Damage: -6%(-1hp) hp: 69%(11hp)
You closely miss the hobgoblin. You kick the hobgoblin.
Your headbutt misses the hobgoblin.
The hobgoblin is almost dead.
The hobgoblin hits you with a club.
* * * LOW HITPOINT WARNING * * *
Huge Dmg: -19%(-3hp) hp: 50%(8hp)
You barely miss the hobgoblin. Your kick misses the hobgoblin.
The hobgoblin is almost dead.
The hobgoblin hits you with a club!
* * * LOW HITPOINT WARNING * * *
A hobgoblin comes into view.
Huge Dmg: -43%(-7hp) hp: 7%(1hp)
Press: ? - help, v - describe, . - travel
Here: a hobgoblin, wielding a club (almost dead)
The floor.
There is an open door here.
Your horns disappear.
The bat closely misses you. The bat barely misses you.
The bat barely misses you. The bat closely misses you.
The bat hits you but does no damage. The bat barely misses you.
You barely miss the bat. Your kick misses the bat. The bat barely misses you.
Casting: Beastly Appendage
Confirm with . or Enter, or press ? or * to list all spells.
You miscast Beastly Appendage.
You feel a strange surge of energy! The bat barely misses you.
The bat hits you but does no damage. The bat barely misses you.
Casting: Beastly Appendage
Confirm with . or Enter, or press ? or * to list all spells.
You grow a pair of large bovine horns.
The bat hits you but does no damage.
You closely miss the bat. Your headbutt misses the bat.
The bat hits you but does no damage. x2
You hit the bat. Your headbutt misses the bat.
The bat is moderately wounded.
The bat hits you but does no damage. The bat closely misses you.
You miss the bat.
The bat is moderately wounded.
Your transformation is almost over.
The bat closely misses you.
You hit the bat.
You kill the bat!
A hobgoblin comes into view. It is wielding a club.
Your horns disappear.
You open the door.
Found a scroll labeled RUD ZE QAASU.
There is an open door here.
You open the door.
The hobgoblin hits you but does no damage.
There is an open door here.
There is a dry fountain here.
You open the door.
Your magical contamination has completely faded away.
There is an open door here.
You open the door.
There is an open door here.
You open the door.
There is an open door here.
There is an open door here.
There is an open door here.
You close the door.
A hobgoblin opens the door.
There is an open door here.
You open the door.
There is an open door here.
You open the door.
There is an open door here.
You open the door.
A hobgoblin comes into view. It is wielding a club.
The hobgoblin shouts!
Found a leather armour.
There is an open door here.
You aren't carrying any potions.
Casting: Beastly Appendage
Confirm with . or Enter, or press ? or * to list all spells.
You grow a pair of large bovine horns.
The hobgoblin hits you with a club.
* * * LOW HITPOINT WARNING * * *
Huge Dmg: -6%(-1hp) hp: 19%(3hp)
You hit the hobgoblin.
You kick the hobgoblin, but do no damage.
The hobgoblin is heavily wounded.
Your transformation is almost over.
The hobgoblin completely misses you.
You closely miss the hobgoblin.
The hobgoblin is heavily wounded.
The hobgoblin hits you with a club.
* * * LOW HITPOINT WARNING * * *
The hobgoblin hits you with a club.
You die...

#.⌠.#...#...#...')...#.##..
#...#...#...#...#..........
#####g###'###'###'###).....##
#..#...#...#...#...##......#
#..'.⌠.#.<.'...#.g.##......#
#..#?..#...#...#...##......#
#.g##+###########'##.....### #..#
#.[.#g..#####.# #..#
+.⌠g@...#.....# #.g#
#...#...#.....#
.#..######+##########.....######.
....K..g.K.s....J................
........#############.....#######
........# #......#.# . .#.####.#
#......'.# .. .#. #.#
#......#.##.#( ##. #.#
#.#...s..J....


You could see 2 hobgoblins.

Vanquished Creatures
  A bat (D:1)
  A kobold (D:1)
2 creatures vanquished.

Notes
Turn   | Place    | Note
-------+----------+-------------------------------------------
     0 | D:1      | Monsterracer the Centaur Transmuter began the quest for the Orb.
     0 | D:1      | Reached XP level 1. HP: 16/16 MP: 3/3
   115 | D:1      | HP: 8/16 [hobgoblin/club (3)]
   116 | D:1      | HP: 1/16 [hobgoblin/club (7)]
   195 | D:1      | HP: 3/16 [hobgoblin/club (1)]
   197 | D:1      | HP: 1/16 [hobgoblin/club (2)]
   197 | D:1      | Slain by a hobgoblin

Vault maps used:
D:1:      co_arrival_random_square_maze

Action                   || total
-------------------------++-------
Melee: Unarmed           ||    17
       Kick              ||     2
 Cast: Beastly Appendage ||     3
Armor: Robe              ||    10
Dodge: Dodged            ||    11

Table legend:
 A = Spawn XP
 B = Non-spawn XP
 C = Spawn XP percentage of total XP
 D = Spawn monster count
 E = Non-spawn monster count
 F = Spawn count percentage of total count
 G = Total turns spent on level
                    A         B        C        D         E        F      G
               +---------+---------+-------+---------+---------+-------+---------
         Total |       0 |       2 |   0.0 |       0 |       2 |   0.0 |   197
               +---------+---------+-------+---------+---------+-------+---------
           D:1 |       0 |       2 |   0.0 |       0 |       2 |   0.0 |   197
               +---------+---------+-------+---------+---------+-------+---------

Vault maps used:
D:1:      co_arrival_random_square_maze
